 Dungeon Crawl Stone Soup version 0.28.0-62-gf88900778d (webtiles) character file.

Game seed: 15429282515513671661

637 infinitevox the Skirmisher (level 7, -1/74 HPs)
             Began as a Demonspawn Wanderer on Apr 13, 2023.
             Was a High Priest of Jiyva.
             Slain by a water moccasin (2 damage)
             ... on level 6 of the Dungeon.
             The game lasted 00:15:37 (2637 turns).

infinitevox the Skirmisher (Demonspawn Wanderer)    Turns: 2637, Time: 00:15:37

Health: -1/74      AC: 10    Str: 14    XL:     7   Next: 25%
Magic:  8/8        EV: 13    Int: 14    God:    Jiyva [*****.]
Gold:   132        SH:  0    Dex: 14    Spells: 7/8 levels left

rFire   + + +      SeeInvis .   i - +0 rapier
rCold   + . .      Faith    .   (no shield)
rNeg    . . .      Spirit   .   f - +1 robe {rC+}
rPois   .          Reflect  .   (helmet restricted)
rElec   .          Harm     .   e - +0 cloak
rCorr   +          Rampage  .   g - +2 pair of gloves
Will    .....                   c - +0 pair of boots
Stlth   +++.......              (no amulet)
HPRegen 1.66/turn               (no ring)
MPRegen 0.56/turn               (no ring)

@: lethally poisoned (-1 -> -2)
A: antennae 1, slimy green scales 1, foul stench 1, thin skeletal structure 1,
fire resistance 3, robust 3, jelly absorbing missiles
a: Renounce Religion, Oozemancy, Slimify


You were on level 6 of the Dungeon.
You worshipped Jiyva.
Jiyva was extremely pleased with you.
You visited 1 branch of the dungeon, and saw 6 of its levels.

You collected 132 gold pieces.

Inventory:

Hand Weapons
 a - a +0 shortbow
 d - a +3 quarterstaff of chaos
 i - a +0 rapier (weapon)
 j - a +0 falchion
 k - a +0 long sword
 m - a +0 short sword of flaming
Missiles
 b - 6 arrows
Armour
 c - a +0 pair of boots (worn)
 e - a +0 cloak (worn)
 f - a +1 robe of cold resistance (worn)
 g - a +2 pair of gloves (worn)
Wands
 l - a wand of acid (7)


   Skills:
 + Level 5.8 Fighting
 - Level 2.0 Bows
 - Level 1.0 Armour
 + Level 3.8 Dodging
 - Level 1.0 Stealth
 - Level 1.0 Spellcasting
 - Level 4.0 Poison Magic
 - Level 1.0 Evocations


You had 7 spell levels left.
You knew the following spells:

 Your Spells              Type           Power      Damage    Failure   Level
a - Sting                 Tmut/Pois      24%        1d4       12%         1

Your spell library contained the following spells:

 Spells                   Type           Power      Damage    Failure   Level
 Animate Skeleton         Necr           0%         N/A       26%         1
 Beastly Appendage        Tmut           0%         N/A       26%         1
 Pain                     Necr           0%         1d4       26%         1
 Spider Form              Tmut/Pois      6%         N/A       34%         3
 Wereblood                Tmut           0%         N/A       36%         2
 Ignite Poison            Fire/Tmut/Pois 4%         N/A       43%         3
 Mephitic Cloud           Conj/Pois/Air  4%         N/A       43%         3
 Vampiric Draining        Necr           0%         2d6       61%         3


Dungeon Overview and Level Annotations

Branches:
Dungeon (6/15)             Temple (0/1) D:4

Altars:
Ashenzari
Dithmenos
Qazlal
Sif Muna
Jiyva


Innate Abilities, Weirdness & Mutations

You have a pair of small antennae on your head.
You are partially covered in slimy green scales. (AC +2)
You may rarely emit foul miasma when damaged in melee.
You have a somewhat thin skeletal structure. (Dex +2, Stealth+)
Your flesh is almost immune to the effects of heat. (rF+++)
You are extremely robust. (+30% HP)
You have a small jelly attached to you that may absorb projectiles.


Message History

A magic dart appears from out of thin air!
The magic dart hits you but does no damage.
You feel sick.
You feel sick.
You are no longer poisoned.
The water moccasin hisses angrily.
There is a stone staircase leading down here.
The water moccasin bites you.
* * * LOW HITPOINT WARNING * * *
The water moccasin misses you.
You climb downwards.
Reactivating autopickup.
Found a fustibalus.
There is a stone staircase leading up here.
The helpless iguana fails to defend itself.
You hit the iguana.
The iguana is lightly wounded.
The water moccasin barely misses you. The iguana bites you.
* * * LOW HITPOINT WARNING * * *
As you open the door, it creaks loudly!
You hear an angry hiss.
The water moccasin bites you but does no damage.
The water moccasin bites you.
* * * LOW HITPOINT WARNING * * *
You are lethally poisoned!
The water moccasin poisons you!
An iguana comes into view.
The iguana barely misses you. Jiyva alters your body.
Your body partially splits into a small jelly.
You feel resistant to heat.
You feel more resistant to heat. x2
Found a stone staircase leading up.
* * * LOW HITPOINT WARNING * * *
You feel very sick. The iguana barely misses you.
There is an open door here.
* * * LOW HITPOINT WARNING * * *
You feel sick.
* * * LOW HITPOINT WARNING * * *
You feel sick. The water moccasin bites you.
You die...

#.... #... #.<.
######...
#.......######
#.......#....####
#...l...'l......)
#......S#........
#......@#######..
#.......#
#.......#
#.......+
#.......#
#.......#
.........
.#######.


You could see a water moccasin and an iguana.

Vanquished Creatures
  Grinder (D:3)
  An ogre (D:5)
  A scorpion (D:4)
  A bullfrog zombie (D:5)
  A hound (D:5)
  Crazy Yiuf (D:2)
  Jessica (D:2)
  Natasha (thrice) (D:3)
  An orc wizard (D:5)
  3 adders
  A howler monkey skeleton (D:5)
  A worm (D:2)
  2 dart slugs
  2 orcs
  4 ball pythons
  5 goblins
  8 hobgoblins
  4 jackals (D:1)
  3 quokkas
  4 bats
  4 frilled lizards
  6 kobolds
  3 rats
61 creatures vanquished.

Vanquished Creatures (others)
  A scorpion (D:4)
  A jelly (D:3)
  Robin (D:2)
  An adder (D:2)
  An endoplasm (D:1)
  3 orcs (D:3)
  8 goblins
  6 hobgoblins
  3 jackals (D:2)
  2 bats
  2 rats
  2 fungi (D:2)
31 creatures vanquished.

Grand Total: 92 creatures vanquished

Notes
Turn   | Place    | Note
-------+----------+-------------------------------------------
     0 | D:1      | infinitevox the Demonspawn Wanderer began the quest for the
                  | Orb.
     0 | D:1      | infinitevox set off with the following items: a +0
                  | shortbow, 28 arrows, a +0 pair of boots, a +0 robe; and the
                  | following spell memorised: Sting; and the following spells
                  | available to memorise: Ignite Poison, Mephitic Cloud
     0 | D:1      | Reached XP level 1. HP: 15/15 MP: 2/2
     8 | D:1      | Found a faded altar of an unknown god.
    14 | D:1      | Prayed at the altar of an unknown god.
    14 | D:1      | Became a worshipper of Jiyva Jugepimo the Shapeless
    14 | D:1      | Reached * piety under Jiyva
   152 | D:1      | Gained mutation: You may rarely emit foul miasma when
                  | damaged in melee. [demonic ancestry]
   152 | D:1      | Reached XP level 2. HP: 21/21 MP: 3/3
   411 | D:1      | Reached ** piety under Jiyva
   652 | D:2      | Gained mutation: You have a pair of small antennae on your
                  | head. [demonic ancestry]
   652 | D:2      | Reached XP level 3. HP: 24/26 MP: 4/4
   708 | D:2      | Noticed Jessica
   721 | D:2      | Killed Jessica
   722 | D:2      | Reached skill level 2 in Fighting
   755 | D:2      | Reached XP level 4. HP: 34/34 MP: 5/5
   811 | D:2      | Killed Robin
  1081 | D:2      | Reached *** piety under Jiyva
  1085 | D:2      | Reached skill level 1 in Dodging
  1086 | D:2      | Found a broken altar of Ashenzari.
  1118 | D:2      | Found a runed translucent door.
  1119 | D:2      | Noticed Crazy Yiuf
  1231 | D:2      | Killed Crazy Yiuf
  1366 | D:3      | Found a shadowy altar of Dithmenos.
  1389 | D:3      | Found a shimmering blue altar of Sif Muna.
  1406 | D:3      | Reached skill level 3 in Fighting
  1410 | D:3      | Gained mutation: You are robust. (+10% HP) [Jiyva's grace]
  1410 | D:3      | Gained mutation: You are very robust. (+20% HP) [Jiyva's
                  | grace]
  1410 | D:3      | Gained mutation: You are extremely robust. (+30% HP)
                  | [Jiyva's grace]
  1410 | D:3      | Gained mutation: You have a somewhat thin skeletal
                  | structure. (Dex +2, Stealth+) [Jiyva's grace]
  1434 | D:3      | Noticed Grinder
  1461 | D:3      | Paralysed by Grinder for 2 turns
  1475 | D:3      | Killed Grinder
  1476 | D:3      | Reached skill level 4 in Fighting
  1476 | D:3      | Reached XP level 5. HP: 55/55 MP: 4/6
  1476 | D:3      | Gained mutation: You are partially covered in slimy green
                  | scales. (AC +2) [demonic ancestry]
  1476 | D:3      | Reached XP level 6. HP: 63/63 MP: 4/7
  1548 | D:3      | Found a stormy altar of Qazlal.
  1619 | D:3      | Noticed Natasha
  1630 | D:3      | Killed Natasha
  1653 | D:3      | Noticed Natasha
  1663 | D:3      | Killed Natasha
  1697 | D:3      | Noticed Natasha
  1709 | D:3      | Killed Natasha
  1710 | D:3      | Reached skill level 5 in Fighting
  1808 | D:3      | Reached **** piety under Jiyva
  2187 | D:4      | Found a staircase to the Ecumenical Temple.
  2325 | D:4      | Reached ***** piety under Jiyva
  2441 | D:5      | Entered Level 5 of the Dungeon
  2481 | D:5      | Reached XP level 7. HP: 70/72 MP: 8/8
  2618 | D:5      | HP: 3/74 [orc wizard/+0 dagger (2)]
  2620 | D:5      | HP: 1/74 [poisoned by a water moccasin]
  2635 | D:6      | Gained mutation: You have a small jelly attached to you
                  | that may absorb projectiles. [Jiyva's grace]
  2635 | D:6      | Gained mutation: Your flesh is heat resistant. (rF+)
                  | [Jiyva's grace]
  2635 | D:6      | Gained mutation: Your flesh is very heat resistant. (rF++)
                  | [Jiyva's grace]
  2635 | D:6      | Gained mutation: Your flesh is almost immune to the effects
                  | of heat. (rF+++) [Jiyva's grace]
  2635 | D:6      | HP: 1/74 [poisoned by a water moccasin]
  2637 | D:6      | Slain by a water moccasin

Illustrated notes

Levels and vault maps discovered:
D:1:      amcnicky_arrival_blooded_trapdoor, layout_rooms,
          hellmonk_ecumenical_altar_crossroads,
          amcnicky_mini_rare_corridor_liquid, minmay_pentomino_w4
D:2:      layout_rooms, basic_altar, uniq_robin, uniq_crazy_yiuf_cottage,
          uniq_jessica
D:3:      layout_basic, mainiacjoe_overflow_concentric_impassable,
          grunt_temple_overflow_open, guppyfry_early_orc_mine, uniq_natasha,
          uniq_grinder
D:4:      layout_rooms, minmay_temple_entry_glassed_door
D:5:      layout_cave_pools, lemuel_coloured_pillars_altar,
          mainiacjoe_overflow_six_doors_small, item_on_display_a
D:6:      layout_gridville, serial_bayou, serial_bayou_pond_a,
          serial_bayou_pond_d, serial_bayou_pond_c, serial_bayou_shore_b,
          serial_bayou_shore_b, serial_bayou_pond_b, uniq_duvessa,
          uniq_blork_the_orc, uniq_sigmund

Skill      XL: |  1  2  3  4  5  6 |
---------------+-------------------+-----
Bows           | 2 |  2.0
Poison Magic   | 4 |  4.0
Fighting       | 2 4 5 |  5.8
Dodging        | 2 3 |  3.8
Armour         | |  1.0
Stealth        | |  1.0
Spellcasting   | |  1.0
Evocations     | |  1.0

Action                   |  1- 3 |  4- 6 |  7- 9 || total
-------------------------+-------+-------+-------++-------
Melee: Short sword       |       |   138 |     6 ||   144
       Rapier            |       |       |     8 ||     8
       Punch             |       |       |     2 ||     2
 Fire: Shortbow          |    87 |    18 |       ||   105
 Cast: Sting             |    16 |    17 |     6 ||    39
  Use: Scroll            |       |     7 |     3 ||    10
       Potion            |       |     3 |     1 ||     4
 Stab: Sleeping          |       |     4 |     2 ||     6
Armor: Robe              |    20 |    84 |    13 ||   117
Dodge: Dodged            |    20 |   114 |    33 ||   167
